 Dungeon Crawl Stone Soup version 0.21-a0-1-gaf3b9a5 (webtiles) character file.

54 inmateoo the Caller (level 3, -18/31 HPs)
             Began as a Troll Summoner on May 20, 2017.
             Killed from afar by Ijyb (19 damage)
             ... with a wand of lightning (?/15)
             ... on level 3 of the Dungeon.
             The game lasted 00:02:22 (1365 turns).

inmateoo the Caller (Troll Summoner)                Turns: 1365, Time: 00:02:23

Health: -18/31     AC:  7    Str: 17    XL:     3   Next: 66%
Magic:  3/3        EV: 10    Int: 11    God:
Gold:   123        SH:  0    Dex: 10    Spells: 1/4 levels left

rFire    . . .     SeeInvis .     - Unarmed
rCold    . . .     Gourm    +   (no shield)
rNeg     . . .     Faith    .   a - +2 robe
rPois    .         Spirit   .   (helmet restricted)
rElec    .         Reflect  .   (no cloak)
rCorr    .         Harm     .   (gloves unavailable)
MR       .....                  (boots unavailable)
Stlth    +.........             (no amulet)
Regen    0.5/turn               (no ring)
MPRegen  0.1/turn               (no ring)

@: no status effects
A: unfitting armour, claws 3, fast metabolism 3, gourmand, regeneration 1,
shaggy fur 1, tough skin 2
a: no special abilities


You were on level 3 of the Dungeon.
You were not hungry.

You visited 1 branch of the dungeon, and saw 3 of its levels.

You collected 123 gold pieces.

Inventory:

Armour
 a - a +2 robe (worn)
Scrolls
 e - a scroll of magic mapping {unknown}
 l - 2 scrolls of teleportation
Potions
 d - a potion of mutation {unknown}
 f - 2 potions of haste
 n - a potion of cancellation
Books
 b - a book of Callings

   Spells                             Type                      Level
   a - Summon Small Mammal            Summoning                    1
   b - Call Imp                       Summoning                    2
   c - Call Canine Familiar           Summoning                    3
   d - Summon Guardian Golem          Hexes/Summoning              3
   e - Summon Lightning Spire         Summoning/Air                4
   f - Summon Ice Beast               Ice/Summoning                4
Comestibles
 c - 2 bread rations
 i - 2 royal jellies
 j - 3 meat rations


   Skills:
 + Level 2.1 Dodging
 - Level 1.0 Stealth
 * Level 2.8 Unarmed Combat
 - Level 1.2 Spellcasting
 - Level 2.9 Summonings


You had one spell level left.
You knew the following spells:

 Your Spells              Type           Power        Failure   Level  Hunger
a - Summon Small Mammal   Summ           #...         10%         1    ##.....
b - Call Imp              Summ           #.......     14%         2    ###....


Dungeon Overview and Level Annotations

Branches:
Dungeon (3/15)

Altars:
Kikubaaqudgha
Yredelemnul

Annotations:
D:2 2 transporters, Menkaure
D:3 Ijyb


Innate Abilities, Weirdness & Mutations

You are too large for most types of armour.
You have claws for hands.
Your metabolism is lightning-fast.
You like to eat raw meat.
Your natural rate of healing is unusually fast.
You are covered in fur. (AC +1)
You have very tough skin. (AC +2)


Message History

There is a stone staircase leading down here.
You climb downwards.
Level annotation: 2 transporters, Menkaure
There is a stone staircase leading up here.
Key pressed, stopping travel.
(D) Dungeon
Where to? (Enter - D:2, ? - help)
There is a stone staircase leading down here.
You climb downwards.
Found a bread ration, a scroll of remove curse and 11 gold pieces.
Found an escape hatch in the ceiling.
There is a stone staircase leading up here.
Ijyb the Twisted Goblin comes into view.
She is wielding a club.
Ijyb shouts!
Ijyb zaps a wand.
The bolt of lightning hits you!
Ouch! That really hurt!
* * * LOW HITPOINT WARNING * * *
The bolt of lightning hits you!
Ouch! That really hurt!
You die...

#$# #.# #.# #.#
#.# #.# ##.##
#.<.##.##.#
....<..#@.%....#
####.#..?#..####
# ##g## .# #. #
#. .. .) ...


You could see Ijyb.

Vanquished Creatures
  3 adders
  A leopard gecko (D:1)
  2 goblins (D:1)
  7 hobgoblins
  2 kobolds
  4 bats
  A frilled lizard (D:1)
  6 rats
26 creatures vanquished.

Notes
Turn   | Place    | Note
-------+----------+-------------------------------------------
     0 | D:1      | inmateoo the Troll Summoner began the quest for the Orb.
     0 | D:1      | Reached XP level 1. HP: 16/16 MP: 1/1
    93 | D:1      | Reached skill level 1 in Unarmed Combat
   324 | D:1      | Reached XP level 2. HP: 14/24 MP: 2/2
   409 | D:1      | Learned a level 2 spell: Call Imp
   428 | D:1      | You fall through a shaft!
   542 | D:2      | Reached XP level 3. HP: 28/31 MP: 3/3
   566 | D:2      | Found a basalt altar of Yredelemnul.
   567 | D:2      | Noticed Menkaure
   568 | D:2      | Found an ancient bone altar of Kikubaaqudgha.
  1365 | D:3      | Noticed Ijyb
  1365 | D:3      | HP: 1/31 [Ijyb/wand of lightning (?/15) (30)]
  1365 | D:3      | Killed from afar by Ijyb

Vault maps used:
D:1:      matt_arrival_los_fun
D:2:      gammafunk_temple_of_torment
D:3:      first_bread, uniq_ijyb

Skill      XL: |  1  2 |
---------------+-------+-----
Unarmed Combat | 1 2 |  2.8
Dodging        | 2 |  2.1
Stealth        | |  1.0
Spellcasting   | |  1.2
Summonings     | |  2.9

Action                   || total
-------------------------++-------
Melee: Unarmed           ||    76
  Use: Scroll            ||    10
 Stab: Sleeping          ||     3
  Eat: Chunk             ||    11
Armor: Robe              ||    23
Dodge: Dodged            ||    37
